 Dungeon Crawl Stone Soup version 0.28.0-45-g0d030f2227 (webtiles) character file.

Game seed: 929579687789188972

6067 zeratav the Martial Artist (level 10, 0/88 HPs)
             Began as an Octopode Transmuter on Apr 5, 2022.
             Was a Follower of Ashenzari.
             Slain by an orc knight
             ... wielding a +0 glaive
              (23 damage)
             ... in a bailey.
             The game lasted 00:38:45 (14245 turns).

zeratav the Martial Artist (Octopode Transmuter)   Turns: 14245, Time: 00:38:45

Health: 0/88       AC:  8    Str: 13    XL:     10   Next: 87%
Magic:  9/13       EV: 21    Int: 22    God:    Ashenzari [*.....]
Gold:   759        SH:  5    Dex: 13    Spells: 5/14 levels left

rFire   . . .      SeeInvis .     - Unarmed
rCold   + + +      Faith    .   (shield currently unavailable)
rNeg    . . .      Spirit   .   (helmet currently unavailable)
rPois   +          Reflect  +   h - amulet of reflection
rElec   .          Harm     .   c - ring of protection from cold
rCorr   .          Rampage  .   j - ring of Ashenzari's Ordeal {EV+4, Cun, Self} (curse)
Will    .....                   e - ring of protection from fire
Stlth   +.........              b - +6 ring of intelligence
HPRegen 0.24/turn               v - ring "Tethered Fetters" {EV+4, Melee, Alch} (curse)
MPRegen 0.13/turn               (no ring)
                                (no ring)
                                (no ring)

@: ice-form
A: freezing attack, boosted hp, almost no armour, amphibious, 8 rings, large,
(camouflage 1), (gelatinous body 1), (nimble swimmer 1), (tentacles)
a: End Transformation, Renounce Religion, Shatter the Chains


You were in a bailey.
You worshipped Ashenzari.
Ashenzari was aware of your devotion.
You were a creature of crystalline ice.
You visited 2 branches of the dungeon, and saw 11 of its levels.
You also visited: Bailey.

You collected 1319 gold pieces.
You spent 560 gold pieces at shops.

Inventory:

Hand Weapons
 d - a +4 short sword
 m - the cursed +0 short sword "Secrets of the Sky" (melded) {Comp, Elem}
   (You found it on level 9 of the Dungeon)

   It has a curse which improves the following skills: Companions: Summonings
   and Necromancy.
   Elements:  Fire Magic, Ice Magic, Air Magic and Earth Magic.
Missiles
 r - 44 bolts
Armour
 n - a +0 buckler (melded)
 C - a +2 hat
 E - a +1 hat
Jewellery
 b - a +6 ring of intelligence (on tentacle)
 c - a ring of protection from cold (left front paw)
 e - a ring of protection from fire (on tentacle)
 h - an amulet of reflection (around neck)
 j - the cursed ring of Ashenzari's Ordeal (right front paw) {EV+4, Cun, Self}
   (You found it on level 3 of the Dungeon)

   [ring of evasion]

   EV:        It affects your evasion (+4).
   It has a curse which improves the following skills: Cunning: Dodging and
   Stealth.
   Introspection: Fighting and Spellcasting.
 v - the cursed ring "Tethered Fetters" (on tentacle) {EV+4, Melee, Alch}
   (You found it on level 7 of the Dungeon)

   [ring of evasion]

   EV:        It affects your evasion (+4).
   It has a curse which improves the following skills: Melee Combat: Short
   Blades, Long Blades, Axes, Maces & Flails, Polearms, Staves and Unarmed
   Combat.
   Alchemy:   Poison Magic and Transmutations.
 D - a ring of protection from cold
Wands
 x - a wand of charming (10)
 A - a wand of flame (7)
Scrolls
 a - 2 scrolls of teleportation
 i - 2 scrolls of fog
 s - a scroll of noise
 t - a scroll of magic mapping
 u - a scroll of holy word
 w - 5 scrolls of identify
 y - 2 scrolls of enchant armour
 z - a scroll of immolation
 G - 3 scrolls of enchant weapon
Potions
 f - a potion of invisibility
 g - 3 potions of heal wounds
 k - 3 potions of attraction
 l - 6 potions of magic
 p - 2 potions of curing
 B - a potion of berserk rage
 F - a potion of haste
Miscellaneous
 o - a phantom mirror (inert)


   Skills:
 * Level 8.2(9.1) Fighting
 * Level 8.4(9.3) Dodging
 * Level 8.8(9.6) Unarmed Combat
 - Level 2.0(2.6) Spellcasting
 + Level 2.3 Necromancy
 + Level 6.0(6.8) Transmutations
 + Level 3.9 Ice Magic
 - Level 0.5 Evocations


You had 5 spell levels left.
You knew the following spells:

 Your Spells              Type           Power      Damage    Failure   Level
a - Beastly Appendage     Tmut           66%        N/A       1%          1
b - Ice Form              Ice/Tmut       26%        N/A       14%         4
c - Dispel Undead         Necr           13%        3d9       43%         4

Your spell library contained the following spells:

 Spells                   Type           Power      Damage    Failure   Level
 Wereblood                Tmut           33%        N/A       1%          2
 Spider Form              Tmut/Pois      18%        N/A       10%         3
 Corpse Rot               Necr/Air       16%        N/A       12%         2
 Ignite Poison            Fire/Tmut/Pois 13%        N/A       16%         3
 Scorch                   Fire           4%         2d5       21%         2
 Conjure Flame            Conj/Fire      2%         6-21      36%         3
 Flame Wave               Conj/Fire      2%         2d4       78%         4
 Sticky Flame             Conj/Fire      2%         2d3       78%         4
 Death Channel            Necr           6%         N/A       100%        6
 Summon Cactus Giant      Summ           1%         N/A       100%        6


Dungeon Overview and Level Annotations

Branches:
Dungeon (10/15)            Temple (1/1) D:6          Bailey (1/1)
   Lair: D:8-11         Orc: D:9-12

Altars:
Ashenzari
Cheibriados
Makhleb
Okawaru
Sif Muna
Uskayaw
Wu Jian
Xom
Zin

Shops:
D:2 (   D:4 *   D:6 [

Annotations:
D:5 3 runed translucent doors, hehateme's ghost, novice HuGl
D:6 2 runed translucent doors, KittyFluff's ghost, novice DsHu


Innate Abilities, Weirdness & Mutations

You are a creature of crystalline ice.
You have a powerful freezing melee attack.
Your maximum health is increased.
Your armour is entirely melded.
You are incapable of wielding weapons or throwing items.
You cannot wear most types of armour.
You are amphibious.
You can wear up to eight rings at the same time.
((Your skin changes colour to match your surroundings (Stealth+).))
((Your rubbery body absorbs attacks. (AC +1, EV +1)))
((You are camouflaged when in or above water. (Stealth+)))
((You have tentacles for arms and can constrict up to eight enemies at once.))


Message History

Confirm with . or Enter, or press ? or * to list all spells.
You turn into a creature of crystalline ice.
The cursed +0 short sword "Secrets of the Sky" {Comp, Elem} melds into your body.
Your +0 buckler melds into your body.
Your orc wizard points at the orc knight and mumbles some strange words.
The magic dart hits the orc knight.
Your orc warrior hits the orc knight from afar with a +0 trident!
Your orc hits the orc knight but does no damage. x2
The orc knight hits your orc wizard with a +0 glaive!!
Your orc wizard dies!
Your orc wizard's corpse dissolves into shadows!
Your orc hits the orc knight but does no damage.
Your orc warrior hits the orc knight from afar with a +0 trident.
You barely miss the orc knight.
The orc knight is severely wounded.
Your orc hits the orc knight but does no damage.
The orc knight is poisoned.
Your orc hits the orc knight but does no damage.
Your orc closely misses the orc knight.
The orc knight hits your orc with a +0 glaive!
Your orc dies!
Your orc's corpse dissolves into shadows!
The orc knight shouts!
You hit the orc knight but do no damage.
The orc knight is severely wounded.
Your orc hits the orc knight with a +0 flail.
Your orc warrior barely misses the orc knight.
Your orc closely misses the orc knight.
Your orc hits the orc knight but does no damage.
Your orc barely misses the orc knight.
The orc knight hits your orc with a +0 glaive!!
Your orc dies!
Your orc's corpse dissolves into shadows!
You hit the orc knight. You freeze the orc knight.
The orc knight is almost dead.
Your orc hits the orc knight but does no damage.
Your orc warrior hits the orc knight but does no damage.
Your orc closely misses the orc knight. x2
The orc knight hits you with a +0 glaive!!
You die...

#######
##..∩..##
#.......#
#...?...#
#...?Yo.#
#...oo..#
#..o.o..#
#.......#
#.......#
#.......#
#.......#
#.......#
##.....##


You could see an orc knight (very poisoned, ally target), a friendly orc warrior
(summoned) and 3 friendly orcs.

Vanquished Creatures
  2 orc knights (Bailey)
  A troll (D:7)
  A spriggan (D:9)
  Sigmund (D:4)
  A wyvern (D:7)
  A yak (D:5)
  2 steam dragons
  An acid dragon (D:9)
  A water moccasin (D:5)
  7 orc warriors
  2 necrophages
  An ice beast (D:7)
  2 sky beasts
  A black bear (D:6)
  3 ogres
  3 centaurs (D:9)
  A phantom (D:4)
  4 scorpions
  4 bullfrogs
  A wyvern zombie (D:8)
  A wyvern skeleton (D:7)
  2 water moccasin skeletons
  6 killer bees (D:7)
  3 centaur zombies
  2 hounds
  A centaur skeleton (D:4)
  5 orc priests
  A bullfrog skeleton (D:4)
  Jessica (D:3)
  An iguana (D:4)
  4 orc wizards
  A hound skeleton (D:4)
  2 howler monkey zombies
  Robin (D:2)
  13 adders
  A shadow imp (D:7)
  3 white imps
  2 ufetubi
  2 worms (D:2)
  A dart slug (D:1)
  48 orcs
  9 bats
  4 endoplasms
  A giant cockroach (D:2)
  10 goblins
  3 hobgoblins
  6 jackals
  13 kobolds
  A quokka (D:2)
  10 ball pythons
  5 frilled lizards
  4 rats
207 creatures vanquished.

Vanquished Creatures (collateral kills)
  An orc warrior (Bailey)
1 creature vanquished.

Grand Total: 208 creatures vanquished

Notes
Turn   | Place    | Note
-------+----------+-------------------------------------------
     0 | D:1      | zeratav the Octopode Transmuter began the quest for the
                  | Orb.
     0 | D:1      | Reached XP level 1. HP: 13/13 MP: 3/3
   442 | D:1      | Reached XP level 2. HP: 18/18 MP: 3/5
  1150 | D:1      | Reached XP level 3. HP: 23/23 MP: 4/6
  1432 | D:1      | Found a faded altar of an unknown god.
  1975 | D:2      | Found Dumapn's Weapon Boutique.
  1982 | D:2      | Reached XP level 4. HP: 13/29 MP: 7/7
  2763 | D:2      | Noticed Robin
  2770 | D:2      | Killed Robin
  3495 | D:3      | Reached XP level 5. HP: 29/35 MP: 8/8
  3617 | D:3      | Noticed Jessica
  3628 | D:3      | Killed Jessica
  3641 | D:3      | Identified a scroll of acquirement
  3641 | D:3      | Acquired 677 gold pieces
  4706 | D:4      | Learned a level 4 spell: Ice Form
  4718 | D:4      | Noticed Sigmund
  4726 | D:4      | Noticed an ogre
  4731 | D:4      | Killed Sigmund
  4732 | D:4      | Reached XP level 6. HP: 29/42 MP: 9/9
  5059 | D:4      | Reached XP level 7. HP: 47/47 MP: 8/10
  5490 | D:4      | Reached skill level 5 in Unarmed Combat
  6117 | D:4      | Found Ycsa's General Store.
  6313 | D:4      | Bought a phantom mirror for 560 gold pieces
  6340 | D:4      | Reached skill level 5 in Dodging
  6340 | D:4      | Reached XP level 8. HP: 48/54 MP: 11/11
  6569 | D:5      | Entered Level 5 of the Dungeon
  7006 | D:5      | Found a runed translucent gate.
  7006 | D:5      | Found a runed translucent gate.
  7006 | D:5      | Found a runed translucent gate.
  7008 | D:5      | Noticed hehateme's ghost (novice HuGl)
  7032 | D:5      | Reached skill level 5 in Fighting
  7288 | D:5      | Noticed a yak
  7585 | D:5      | Killed a yak
  7889 | D:6      | Found a runed translucent door.
  7898 | D:6      | Noticed KittyFluff's ghost (novice DsHu)
  7928 | D:6      | Found an iron altar of Okawaru.
  7956 | D:6      | Found a runed translucent door.
  8217 | D:6      | Found a staircase to the Ecumenical Temple.
  8226 | Temple   | Entered the Ecumenical Temple
  8231 | Temple   | Became a worshipper of Ashenzari the Shackled
  8632 | D:6      | HP: 1/57 [something (5)]
  8645 | D:6      | HP: 2/57 [something (6)]
  9130 | D:6      | Identified the +2 robe "Ycsias" {rC++}
  9164 | D:6      | Found the +1 Delatra's gloves {ID++}
  9206 | D:5      | Reached skill level 1 in Ice Magic
  9206 | D:5      | Reached XP level 9. HP: 41/62 MP: 10/12
  9516 | D:6      | Found Sarasvati's Dragon-Slaying Spoils.
 10603 | D:7      | Reached skill level 5 in Transmutations
 10669 | D:7      | Noticed a troll
 10688 | D:7      | Killed a troll
 11310 | D:8      | Reached XP level 10. HP: 72/72 MP: 8/13
 11339 | D:8      | Learned a level 4 spell: Dispel Undead
 11761 | D:9      | Reached skill level 1 in Necromancy
 12271 | D:9      | Reached * piety under Ashenzari
 12272 | D:9      | Gained mutation: You are agile. (Dex +2) [potion of
                  | mutation]
 12272 | D:9      | Gained mutation: Your spells are a little harder to cast,
                  | but a little more powerful. [potion of mutation]
 12395 | D:9      | Identified the cursed +0 short sword "Secrets of the Sky"
                  | {Comp, Elem} (You found it on level 9 of the Dungeon)
 12783 | D:9      | Gained mutation: Your flesh is heat resistant. (rF+)
                  | [mutagenic glow]
 13276 | D:10     | Entered Level 10 of the Dungeon
 13305 | D:10     | Found a flagged portal.
 13315 | Bailey   | Entered a bailey
 13830 | Bailey   | Lost mutation: Your spells are a little harder to cast, but
                  | a little more powerful. [potion of mutation]
 13830 | Bailey   | Lost mutation: You are agile. (Dex +2) [potion of mutation]
 13830 | Bailey   | Lost mutation: Your flesh is heat resistant. (rF+) [potion
                  | of mutation]
 13830 | Bailey   | Gained mutation: You are weak. (Str -2) [potion of
                  | mutation]
 13830 | Bailey   | Lost mutation: You are weak. (Str -2) [potion of mutation]
 13837 | Bailey   | Noticed an orc knight
 13921 | Bailey   | Killed an orc knight
 14149 | Bailey   | Noticed an orc knight
 14184 | Bailey   | Killed an orc knight
 14188 | Bailey   | Noticed an orc knight
 14195 | Bailey   | HP: 4/88 [orc warrior/+0 halberd (21)]
 14245 | Bailey   | Slain by an orc knight

Illustrated notes

Levels and vault maps discovered:
D:1:      dpeg_arrival_oval, layout_basic,
          shapermc_ecumenical_altar_mp_vishouse, minivault_11,
          minmay_misc_feat_iff, minmay_misc_feat_pillars
D:2:      minmay_alternating_diamond, layout_basic, serial_shops,
          nicolae_shop_bloodbath_and_beyond, st_stairs_3, uniq_robin
D:3:      layout_basic, uniq_jessica
D:4:      layout_basic, serial_shops, shop, saegor_snake_ambush, uniq_sigmund
D:5:      minmay_chambers_of_fours, layout_gridville, ebering_ghost_rock_garden
D:6:      layout_cave_pools, okawaru_metal_pillars_1_2,
          minmay_temple_entry_nine_rooms, ebering_ghost_sewer_f,
          nicolae_shop_dragon_depot, pf_guarded_unrand_delatra
D:7:      layout_cave_pools
D:8:      layout_loops_ring
D:9:      layout_basic, the_hattery
D:10:     minmay_the_grid_triangle_9x9_rhombus_thin
          [minmay_the_grid_triangle_9x9_fully_insulated_deathbox,
          minmay_the_grid_triangle_9x9_prize_center,
          minmay_the_grid_triangle_9x9_semitri,
          minmay_the_grid_triangle_9x9_corruption], layout_loops_ring,
          david_lair_generic, enter_bailey_6, lightli_corner_chamber
Temple:   compressed_dpeg_triangle_lava_temple
Bailey:   bailey_polearm_5, bailey

Skill      XL: |  1  2  3  4  5  6  7  8  9 10 |
---------------+-------------------------------+-----
Fighting       | 2 3 4 6 7 8 |  8.2
Dodging        | 3 4 5 6 7 8 |  8.4
Unarmed Combat | 4 5 6 7 8 |  8.8
Transmutations | 3 4 5 6 |  6.0
Ice Magic      | 1 2 3 |  3.9
Necromancy     | 2 |  2.3
Spellcasting   | |  2.0
Evocations     | |  0.5

Action                   |  1- 3 |  4- 6 |  7- 9 | 10-12 || total
-------------------------+-------+-------+-------+-------++-------
Melee: Unarmed           |    18 |       |   100 |   135 ||   253
       Constrict         |    17 |    19 |    45 |       ||    81
       Tentacles         |     9 |    13 |    53 |     2 ||    77
       Kick              |    18 |    22 |    74 |     2 ||   116
       Whip              |    48 |    43 |       |       ||    91
       Club              |       |    47 |   169 |       ||   216
       Punch             |       |     4 |     6 |       ||    10
 Cast: Beastly Appendage |    30 |    36 |    57 |     1 ||   124
       Ice Form          |       |       |     6 |    20 ||    26
Invok: Curse Item        |       |       |     1 |     2 ||     3
 Abil: End Transformatio |       |       |     1 |       ||     1
Evoke: Phantom mirror    |       |       |     1 |     1 ||     2
  Use: Scroll            |       |     4 |     7 |     1 ||    12
       Potion            |       |       |     2 |     7 ||     9
 Stab: Sleeping          |     4 |     5 |     3 |       ||    12
Armor: Skin              |     3 |     5 |    13 |    16 ||    37
Dodge: Dodged            |    41 |    57 |   225 |   201 ||   524
Block: Other             |       |    13 |    25 |    51 ||    89
       Buckler           |       |       |    55 |     7 ||    62
       Reflection        |       |       |     2 |       ||     2
